 Dungeon Sprint DCSS version 0.17-a0-1636-g3119f2b (webtiles) character file.

15 Kidiri the Covered (level 2, -2/28 HPs)
             Began as a Gargoyle Fighter on Aug 5, 2015.
             Was an Initiate of Okawaru.
             Slain by a warg (5 damage)
             ... in the Dungeon (Sprint VII: "The Pits").
             The game lasted 00:01:21 (248 turns).

Kidiri the Covered (Gargoyle Fighter)                Turns: 248, Time: 00:01:21

Health: -2/28      AC:  9    Str: 24    XL:     2   Next: 50%
Magic:  2/2        EV:  8    Int:  8    God:    Okawaru [......]
Gold:   0          SH:  9    Dex:  9    Spells: 0 memorised, 1 level left

rFire  . . .     SeeInvis .     m - +2 mace
rCold  . . .     Clarity  .     b - +0 scale mail
rNeg   + . .     SustAt   .     c - +0 shield
rPois  ∞         Gourm    .     (no helmet)
rElec  +         Spirit   .     (no cloak)
rCorr  .         Warding  .     (no gloves)
rMut   .         NoTele   +     (no boots)
MR     .....                    (no amulet)
Stlth  ..........               (no ring)
                                (no ring)

@: berserking, very quick, not resistant to hostile enchantments, extremely
unstealthy
A: negative energy resistance 1, electricity resistance, unbreathing,
petrification resistance, rot immunity, AC +2
a: Renounce Religion


You were in the Dungeon.
You worshipped Okawaru.
Okawaru was noncommittal.
You were not hungry.

You visited 1 branch

Inventory:

Hand weapons
 a - a +0 flail
 m - a +2 mace (weapon)
Armour
 b - a +0 scale mail (worn)
 c - a +0 shield (worn)
Scrolls
 k - a scroll of blinking
 q - 3 scrolls of remove curse
 r - 5 scrolls of amnesia
 s - a scroll of summoning
Potions
 d - a potion of might
 h - a potion of haste
 i - 4 potions of magic
 j - 2 potions of berserk rage
 p - 2 potions of invisibility
Comestibles
 e - 8 bread rations
 l - 4 chunks of flesh
 n - 40 fruits
 o - 7 meat rations


   Skills:
 + Level 3.6 Fighting
 * Level 3.0 Maces & Flails
 * Level 4.3 Armour
 + Level 1.1 Dodging
 * Level 4.1 Shields
 + Level 0.9 Invocations


You had one spell level left.
You didn't know any spells.

Dungeon Overview and Level Annotations

Branches:
Dungeon (1/1)

Altars:
Ashenzari
Cheibriados
Dithmenos
Elyvilon
Fedhas
Gozag
Kikubaaqudgha
Makhleb
Nemelex Xobeh
Okawaru
Qazlal
Ru
Sif Muna
Trog
Vehumet
Xom
Yredelemnul
Zin
The Shining One
Beogh
Jiyva
Lugonu


Innate Abilities, Weirdness & Mutations

You are resistant to torment.
Your stone body is resilient (AC +2).
You are immune to poison.
You resist negative energy.
You are resistant to electric shocks.
You can survive without breathing.
You are immune to petrification.
You are immune to rotting.


Message History

You feel much better. The warg bites you but does no damage.
The warg pauses to sniff the ground.
The warg bites you.
Drink which item? (? for menu, Esc to quit)
A red film seems to cover your vision as you go berserk!
You feel yourself moving faster!
You feel mighty! The warg bites you!
You closely miss the warg.
The warg is moderately wounded.
The warg bites you!
* * * LOW HITPOINT WARNING * * *
You thump the warg!
The warg is severely wounded.
You block the warg's attack.
You closely miss the warg.
The warg is severely wounded.
You block the warg's attack.
You thump the warg!
The warg is almost dead.
The warg bites you but does no damage. The warg bites you.
You die...

#__________#
#__________#
#.#####+##############++
#_#.))+.+..##...........
#_#)))#.#?(##......#..#.
#######+#####...........
#...........'...........
#+#####'#####......#..#.
#...#@# #...........
#...#h# ####+#####++
#...)g# #.......#
##g#### #.......# #...
#.......# #....
#...<...# #....g
#.......# #......
#.......# ########
#.......#


You could see a warg and a goblin.

Vanquished Creatures
  2 ufetubi (D)
  A hobgoblin (D)
  A quokka (D)
  2 giant cockroaches (D)
6 creatures vanquished.

Notes
Turn   | Place    | Note
--------------------------------------------------------------
     0 | D        | Kidiri the Gargoyle Fighter began the quest for the Orb.
     0 | D        | Reached XP level 1. HP: 14/14 MP: 1/1
    26 | D        | Found a sacrificial altar of Ru.
    26 | D        | Found a basalt altar of Yredelemnul.
    26 | D        | Found a shadowy altar of Dithmenos.
    26 | D        | Found a deep blue altar of Sif Muna.
    26 | D        | Found a burning altar of Makhleb.
    26 | D        | Found a shimmering altar of Xom.
    26 | D        | Found an ancient bone altar of Kikubaaqudgha.
    26 | D        | Found a sparkling altar of Nemelex Xobeh.
    27 | D        | Found a glowing golden altar of the Shining One.
    27 | D        | Found a bloodstained altar of Trog.
    27 | D        | Found a shattered altar of Ashenzari.
    27 | D        | Found a white marble altar of Elyvilon.
    27 | D        | Found a snail-covered altar of Cheibriados.
    27 | D        | Found a blossoming altar of Fedhas.
    27 | D        | Found a radiant altar of Vehumet.
    27 | D        | Found a glowing silver altar of Zin.
    27 | D        | Found a corrupted altar of Lugonu.
    27 | D        | Found a viscous altar of Jiyva.
    27 | D        | Found a roughly hewn altar of Beogh.
    27 | D        | Found an iron altar of Okawaru.
    33 | D        | Found a stormy altar of Qazlal.
    33 | D        | Found an opulent altar of Gozag.
    36 | D        | Became a worshipper of Warmaster Okawaru
    87 | D        | Reached skill level 4 in Armour
    87 | D        | Reached XP level 2. HP: 12/19 MP: 2/2
   222 | D        | Noticed a warg
   239 | D        | Reached skill level 1 in Dodging
   248 | D        | Slain by a warg

Vault maps used:
D:        pitsprint

Action                   || total
-------------------------++-------
Melee: Mace              ||    35
       Flail             ||     1
  Use: Potion            ||     3
